 Dungeon Sprint DCSS version 0.27-a0-109-g416527ed24 (webtiles) character file.

Game seed: 17122139802786835299

977 mhtbhm the Martial Artist (level 8, 0/73 HPs)
             Began as an Octopode Transmuter on Jan 24, 2021.
             Was a Follower of Sif Muna.
             Slain by an ufetubus (1 damage)
             ... summoned by a kobold demonologist
             ... in the Dungeon (Sprint I: "Red Sonja").
             The game lasted 00:01:27 (744 turns).

mhtbhm the Martial Artist (Octopode Transmuter)      Turns: 744, Time: 00:01:28

Health: 0/73       AC:  1    Str:  9    XL:     8   Next: 17%
Magic:  12/19      EV: 16    Int: 18    God:    Sif Muna [*.....]
Gold:   417        SH:  0    Dex: 12    Spells: 6/21 levels left

rFire    . . .     SeeInvis .     - Unarmed
rCold    . . .     Faith    .   (shield currently unavailable)
rNeg     . . .     Spirit   .   (helmet restricted)
rPois    .         Reflect  .   (no amulet)
rElec    .         Harm     .   (no ring)
rCorr    .         Rampage  .   (no ring)
Will     .....     NoTele   +   (no ring)
Stlth    ..........             (no ring)
HPRegen  0.22/turn              (no ring)
MPRegen  0.16/turn              (no ring)
                                (no ring)
                                (no ring)

@: berserking (expiring), lethally poisoned (0 -> -6), blade tentacles
(expiring), weakened, wereblooded, very quick
A: almost no armour, stealthy swim, amphibious, 8 rings, constrict 8, camouflage
1, gelatinous body 1
a: End Transformation, Renounce Religion, Channel Magic


You were in the Dungeon.
You worshipped Sif Muna.
Sif Muna was aware of your devotion.
You had blades for tentacles.
You visited 1 branch You collected 417 gold pieces.

Inventory:

Scrolls
 a - a scroll of fear {unknown}
 g - a scroll of blinking
Potions
 b - a potion of attraction {unknown}
 d - a potion of haste
 e - 2 potions of magic


   Skills:
 + Level 1.6 Fighting
 + Level 6.2 Dodging
 + Level 2.9 Stealth
 + Level 12.0 Unarmed Combat
 + Level 7.4 Spellcasting
 + Level 7.5 Transmutations
 + Level 2.5 Poison Magic


You had 6 spell levels left.
You knew the following spells:

 Your Spells              Type           Power        Failure   Level
a - Beastly Appendage     Tmut           68%          12%         1
b - Wereblood             Tmut           34%          13%         2
c - Spider Form           Tmut/Pois      12%          30%         3
d - Ice Form              Ice/Tmut       20%          65%         4
e - Blade Hands           Tmut           17%          52%         5

Your spell library contained the following spells:

 Spells                   Type           Power        Failure   Level


Dungeon Overview and Level Annotations

Branches:
Dungeon (1/1)

Altars:
Cheibriados
Dithmenos
Elyvilon
Fedhas
Gozag
Hepliaklqana
Kikubaaqudgha
Makhleb
Nemelex Xobeh
Okawaru
Qazlal
Ru
Sif Muna
Trog
Uskayaw
Vehumet
Wu Jian
Xom
Yredelemnul
Zin
The Shining One
Jiyva
Lugonu

Shops:
D (


Innate Abilities, Weirdness & Mutations

You cannot wear most types of armour.
You are very stealthy in the water. (Stealth+)
You are amphibious.
You can wear up to eight rings at the same time.
You can use your tentacles to constrict eight enemies at once.
Your skin changes colour to match your surroundings (Stealth+).
Your rubbery body absorbs attacks. (AC +1, EV +1)


Message History

You barely miss the kobold demonologist.
Your grab misses the kobold demonologist.
Your squeeze misses the kobold demonologist.
You howl as the wereblood boils in your veins!
* * * LOW HITPOINT WARNING * * *
You feel sick. The ufetubus misses you. The ufetubus barely misses you.
The kobold demonologist mumbles some strange words.
You slice the kobold demonologist!!
Your grab misses the kobold demonologist.
The kobold demonologist is severely wounded.
The ufetubus misses you. The ufetubus completely misses you.
The shadow imp closely misses you.
You barely miss the kobold demonologist.
Your grab misses the kobold demonologist.
The kobold demonologist is severely wounded.
* * * LOW HITPOINT WARNING * * *
You feel sick. The ufetubus hits you.
* * * LOW HITPOINT WARNING * * *
The ufetubus misses you. The ufetubus hits you.
You die...

####################
').#.)'..#__#..555.#
#..'..#..'^.'..#@55#
##'#####'#__####K..+
#..#...#.#### #####
####..##.#
___##'#_.+
∩..†'..._#
.__##_.#'#
___###+#.# #### ###


You could see a kobold demonologist, 2 white imps, a shadow imp (summoned,
expiring) and 2 ufetubi.

Vanquished Creatures
  A kobold demonologist (D)
  A slime creature (D)
  Sigmund (D)
  A yak (D)
  A floating eye (D)
  An ogre (D)
  A jelly (D)
  Ijyb (D)
8 creatures vanquished.

Notes
Turn   | Place    | Note
-------+----------+-------------------------------------------
     0 | D        | mhtbhm the Octopode Transmuter began the quest for the Orb.
     0 | D        | Reached XP level 1. HP: 13/13 MP: 3/3
     3 | D        | Noticed Ijyb
    15 | D        | Killed Ijyb
    16 | D        | Reached skill level 5 in Unarmed Combat
    16 | D        | Reached XP level 2. HP: 16/18 MP: 3/5
    16 | D        | Reached XP level 3. HP: 20/23 MP: 4/7
   155 | D        | Learned a level 2 spell: Wereblood
   159 | D        | Learned a level 3 spell: Spider Form
   191 | D        | Noticed an ogre
   196 | D        | Killed an ogre
   197 | D        | Reached skill level 7 in Unarmed Combat
   197 | D        | Reached XP level 4. HP: 28/28 MP: 2/10
   199 | D        | Noticed Sigmund
   213 | D        | Killed Sigmund
   214 | D        | Reached skill level 9 in Unarmed Combat
   214 | D        | Reached skill level 5 in Spellcasting
   214 | D        | Reached skill level 1 in Poison Magic
   214 | D        | Reached XP level 5. HP: 27/33 MP: 4/12
   214 | D        | Reached XP level 6. HP: 32/38 MP: 4/13
   338 | D        | Learned a level 4 spell: Ice Form
   344 | D        | Learned a level 5 spell: Blade Hands
   346 | D        | Found an ornate altar of the Wu Jian Council.
   346 | D        | Found a shimmering blue altar of Sif Muna.
   348 | D        | Found a radiant altar of Vehumet.
   351 | D        | Reached skill level 5 in Transmutations
   355 | D        | Found a burning altar of Makhleb.
   355 | D        | Found a viscous altar of Jiyva.
   355 | D        | Found a shimmering altar of Xom.
   355 | D        | Found a corrupted altar of Lugonu.
   355 | D        | Noticed a slime creature
   362 | D        | Killed a slime creature
   363 | D        | Reached skill level 5 in Dodging
   363 | D        | Reached skill level 1 in Stealth
   363 | D        | Reached skill level 10 in Unarmed Combat
   363 | D        | Reached XP level 7. HP: 19/43 MP: 8/16
   385 | D        | Became a worshipper of Sif Muna the Loreminder
   574 | D        | Found Waloumah's Weapon Emporium.
   574 | D        | Found an ancient bone altar of Kikubaaqudgha.
   574 | D        | Found a hazy altar of Hepliaklqana.
   574 | D        | Found a stormy altar of Qazlal.
   574 | D        | Found a hide-covered altar of Uskayaw.
   574 | D        | Found a blossoming altar of Fedhas.
   574 | D        | Found a bloodstained altar of Trog.
   574 | D        | Found an iron altar of Okawaru.
   574 | D        | Found a basalt altar of Yredelemnul.
   574 | D        | Found a glowing golden altar of the Shining One.
   574 | D        | Found a snail-covered altar of Cheibriados.
   574 | D        | Found a sacrificial altar of Ru.
   574 | D        | Found a glowing silver altar of Zin.
   574 | D        | Found a shadowy altar of Dithmenos.
   574 | D        | Found a white marble altar of Elyvilon.
   574 | D        | Noticed a yak
   575 | D        | Found an opulent altar of Gozag.
   577 | D        | Killed a yak
   578 | D        | Reached skill level 11 in Unarmed Combat
   578 | D        | Found a sparkling altar of Nemelex Xobeh.
   728 | D        | Noticed a kobold demonologist
   729 | D        | Noticed a kobold demonologist
   729 | D        | Paralysed by a floating eye for 2 turns
   730 | D        | Noticed an orange demon
   736 | D        | Killed a kobold demonologist
   736 | D        | Reached * piety under Sif Muna
   737 | D        | Reached skill level 12 in Unarmed Combat
   737 | D        | Reached XP level 8. HP: 15/49 MP: 11/19
   744 | D        | HP: 1/73 [ufetubus[a kobold demonologist] (5)]
   744 | D        | Slain by an ufetubus

Illustrated notes

Levels and vault maps discovered:
D:        dungeon_sprint_1 [red_sonja_temple_1, red_sonja_temple_small_1]

Skill      XL: |  1  2  3  4  5  6  7 |
---------------+----------------------+-----
Unarmed Combat | 5 7 9 10 12 | 12.0
Dodging        | 3 4 5 6 |  6.2
Spellcasting   | 4 5 6 7 |  7.4
Transmutations | 3 4 5 7 |  7.5
Poison Magic   | 1 2 |  2.5
Stealth        | 1 2 |  2.9
Fighting       | |  1.6

Action                   |  1- 3 |  4- 6 |  7- 9 || total
-------------------------+-------+-------+-------++-------
Melee: Unarmed           |    14 |    11 |    13 ||    38
       Kick              |     4 |       |       ||     4
       Tentacles         |     3 |     2 |     1 ||     6
       Constrict         |     1 |       |     3 ||     4
       Punch             |       |     1 |     3 ||     4
 Cast: Beastly Appendage |     1 |       |       ||     1
       Wereblood         |     1 |     1 |     2 ||     4
       Spider Form       |     1 |       |       ||     1
       Blade Hands       |       |     1 |     2 ||     3
  Use: Potion            |       |     2 |     1 ||     3
 Stab: Sleeping          |       |     1 |       ||     1
Dodge: Dodged            |     9 |     6 |    23 ||    38

Table legend: (Time is in decaauts)
 A = Elapsed time spent in this place.
 B = Non-inter-level travel time spent in this place.
 C = Inter-level travel time spent in this place.
 D = Time resting spent in this place.
 E = Time spent auto-exploring this place.
 F = Levels seen in this place.
 G = Mean time per level.
                   A        B        C        D        E       F      G
               +--------+--------+--------+--------+--------+-----+--------+
         Total |    735 |    735 |      0 |    537 |      0 |   1 |  735.0 |
       Dungeon |    735 |    735 |      0 |    537 |      0 |   1 |  735.0 |
               +--------+--------+--------+--------+--------+-----+--------+

Top non-repeatable levels by time:
       D: 735 daAuts
